Map: Moonlight Madness LE (Void)

Players

mccamel - Winner!

  • Race: Protoss Protoss
  • League: Bronze

SticklerMac

  • Race: Terran Terran
  • League: Bronze

VOD

Have the link to the VOD?

Description

Time

  • Played on: July 29, 2015, 3:05 p.m.
  • Length: 4:51
Show
View Real Time Build Order
Export as new Build Order

mccamel Protoss - Winner!

Build Orders: Oracle Opening 

Get SALT Encoding   

  12  0:01  Probe  
  13  0:13  Probe  
  14  0:26  Pylon  
  14  0:44  Probe (Chrono Boost)  
  14  0:45  Gateway  
  15  0:52  Assimilator  
  15  0:56  Probe (Chrono Boost)  
  16  0:59  Pylon  
  17  1:05  Probe (Chrono Boost)  
  17  1:17  Probe (Chrono Boost)  
  18  1:26  Gateway  
  18  1:29  Probe (Chrono Boost)  
  19  1:37  Cybernetics Core  
  19  1:40  Probe  
  19  1:42  Assimilator  
  20  2:05  Probe  
  21  2:15  Stargate  
  21  2:17  Probe  
  21  2:18  Zealot  
  21  2:19  Zealot  
  26  2:27  Pylon  
  26  2:28  Warp Gate (Chrono Boost)  
  26  3:03  Oracle (Chrono Boost)  
  29  3:14  Zealot  
  29  3:15  Zealot  
  33  3:22  Probe  
  33  3:35  Oracle (Chrono Boost)  
  38  3:48  Zealot  
  38  3:54  Pylon  
  38  4:00  Pylon  
  38  4:12  Zealot  
  38  4:16  Oracle (Chrono Boost)  
  43  4:20  Zealot  
  45  4:25  Gateway  
  45  4:36  Nexus  
Show
View Real Time Build Order
Export as new Build Order

SticklerMac Terran 

Build Orders:  

Get SALT Encoding   

  12  0:00  SCV  
  13  0:13  SCV  
  14  0:17  Supply Depot  
  14  0:25  SCV  
  15  0:39  SCV  
  15  0:41  Barracks  
  16  0:49  Refinery  
  16  0:50  Refinery  
  16  0:54  SCV  
  17  1:06  SCV  
  19  1:18  SCV  
  19  1:31  Supply Depot  
  19  1:32  Marine  
  19  1:35  SCV  
  21  1:52  SCV  
  21  1:53  Command Center  
  22  2:01  Barracks Tech Lab  
  22  2:09  Factory  
  22  2:11  SCV  
  23  2:23  Barracks  
  23  2:26  SCV  
  24  2:33  Marauder  
  26  2:44  Concussive Shells  
  26  2:54  Marauder  
  26  2:57  Hellion  
  30  3:22  Marauder  
  30  3:23  Barracks Reactor  
  30  3:26  Factory  
  32  3:29  Starport  
  32  3:33  Supply Depot  
  32  4:02  Marine  
  32  4:03  Marine  
  32  4:04  Marauder  
  32  4:07  Barracks, Medivac  
  38  4:12  Barracks  
  38  4:15  Engineering Bay  
  38  4:19  Engineering Bay  
  38  4:22  Marine  
  39  4:25  Marine  
  39  4:28  SCV  
Tags
 
Add a new tag
Caveats
  • Supply blocks, unpowered buildings, or Contaminate may cause inaccurate times.
  • Supply counts are checked every 10 seconds.